 Dungeon Crawl Stone Soup version 0.26-a0-466-g989023bd0d (webtiles) character file.

Game seed: 8021869002036185580

92 Mesmaeker13 the Caller (level 4, -2/33 HPs)
             Began as a Draconian Summoner on Aug 12, 2020.
             Slain by a worm (10 damage)
             ... on level 2 of the Dungeon.
             The game lasted 00:02:54 (2123 turns).

Mesmaeker13 the Caller (Draconian Summoner)         Turns: 2123, Time: 00:02:54

Health: -2/33      AC:  5    Str: 10    XL:     4   Next: 35%
Magic:  7/8        EV: 13    Int: 16    God:
Gold:   39         SH:  0    Dex: 12    Spells: 5/8 levels left

rFire    . . .     SeeInvis .   f - +0 mace
rCold    . . .     Faith    .   (no shield)
rNeg     . . .     Spirit   .   (armour unavailable)
rPois    .         Reflect  .   (helmet restricted)
rElec    .         Harm     .   (no cloak)
rCorr    .                      (no gloves)
MR       .....                  (no boots)
Stlth    ++........             (no amulet)
HPRegen  0.11/turn              (no ring)
MPRegen  0.11/turn              (no ring)

@: no status effects
A: unfitting armour, cold-blooded, AC +5
a: no special abilities


You were on level 2 of the Dungeon.
You visited 1 branch of the dungeon, and saw 2 of its levels.

You collected 39 gold pieces.

Inventory:

Hand Weapons
 e - a +0 spear
 f - a +0 mace (weapon)
Scrolls
 a - a scroll of blinking
 c - a scroll of teleportation
 j - a scroll of enchant weapon
 k - a scroll of noise {unknown}
Potions
 b - a potion of lignification
 d - a potion of flight {unknown}
 g - a potion of resistance {unknown}
 h - a potion of haste {unknown}


   Skills:
 + Level 2.8 Dodging
 - Level 1.7 Stealth
 + Level 2.9 Spellcasting
 + Level 4.6 Summonings


You had 5 spell levels left.
You knew the following spells:

 Your Spells              Type           Power        Failure   Level
a - Summon Small Mammal   Summ           ###.         2%          1
b - Call Imp              Summ           ###.....     4%          2

Your spell library contained the following spells:

 Spells                   Type           Power        Failure   Level
 Call Canine Familiar     Summ           ###.....     9%          3
 Summon Guardian Golem    Hex/Summ       #.......     22%         3
 Summon Ice Beast         Ice/Summ       #.......     56%         4
 Summon Lightning Spire   Summ/Air       #.......     56%         4


Dungeon Overview and Level Annotations

Branches:
Dungeon (2/15)

Altars:


Innate Abilities, Weirdness & Mutations

Your plain brown scales are hard. (AC +5)
You cannot fit into any form of body armour.
You are cold-blooded and may be slowed by cold attacks.


Message History

Your crimson imp blinks!
Your crimson imp disappears in a puff of smoke!
A worm comes into view.
A worm is nearby!
You swap places.
Found a stone staircase leading up.
Your crimson imp disappears in a puff of smoke!
You hit the worm but do no damage. You tail-slap the worm.
The worm is lightly wounded.
The worm bites you!
You hit the worm.
The worm is moderately wounded.
You hit the worm.
The worm is heavily wounded.
The worm bites you!
* * * LOW HITPOINT WARNING * * *
You barely miss the worm.
The worm is moderately wounded.
The worm bites you!
You die...

.#.# ##.## ....... .....
....... ##.# ...#<..
#..##.# .#####+###>.....
##.##.........##.#
...##.........##w#
...##.........##@#
....####'#..#.##5#+######
....##...................
....##.#.#..####.†.......
+#..##.#.#†.# #.........
.#..........####.........
.#.....#.#...............
.........#..#####........
................+.......(


You could see a worm and a friendly white imp (summoned).

Vanquished Creatures
  A worm (D:2)
  4 dart slugs
  7 bats
  3 giant cockroaches
  6 goblins
  3 hobgoblins
  2 frilled lizards (D:1)
  A jackal zombie (D:2)
  3 kobolds (D:2)
  4 rats
34 creatures vanquished.

Vanquished Creatures (collateral kills)
  A howler monkey (D:2)
  2 adders (D:2)
  A gnoll (D:1)
  A leopard gecko (D:1)
  A giant cockroach (D:2)
  A goblin (D:1)
  A hobgoblin (D:2)
  2 bats (D:1)
  A frilled lizard (D:2)
  2 kobolds (D:1)
  A rat (D:2)
14 creatures vanquished.

Grand Total: 48 creatures vanquished

Notes
Turn   | Place    | Note
-------+----------+-------------------------------------------
     0 | D:1      | Mesmaeker13 the Draconian Summoner began the quest for the
                  | Orb.
     0 | D:1      | Reached XP level 1. HP: 14/14 MP: 3/3
   415 | D:1      | Reached XP level 2. HP: 20/20 MP: 5/5
   983 | D:1      | Reached XP level 3. HP: 26/26 MP: 6/6
  1355 | D:1      | Learned a level 2 spell: Call Imp
  2039 | D:2      | Reached XP level 4. HP: 33/33 MP: 8/8
  2123 | D:2      | Slain by a worm

Illustrated notes

Levels and vault maps discovered:
D:1:      dpeg_arrival_orchard, layout_loops_cross, hex_tiny
D:2:      layout_basic, minmay_tetromino_s2

Skill      XL: |  1 |
---------------+----+-----
Dodging        | 2 |  2.8
Stealth        | |  1.7
Spellcasting   | |  2.9
Summonings     | |  4.6

Action                   |  1- 3 |  4- 6 || total
-------------------------+-------+-------++-------
Melee: Unarmed           |    10 |       ||    10
       Mace              |   103 |    10 ||   113
       Tailslap          |     7 |     2 ||     9
 Cast: Summon Small Mamm |    18 |       ||    18
       Call Imp          |     9 |     3 ||    12
  Use: Scroll            |     5 |       ||     5
 Stab: Sleeping          |     5 |       ||     5
Armor: Skin              |    63 |     2 ||    65
Dodge: Dodged            |   127 |     6 ||   133

Table legend: (Time is in decaauts)
 A = Elapsed time spent in this place.
 B = Non-inter-level travel time spent in this place.
 C = Inter-level travel time spent in this place.
 D = Time resting spent in this place.
 E = Time spent auto-exploring this place.
 F = Levels seen in this place.
 G = Mean time per level.
                   A        B        C        D        E       F      G
               +--------+--------+--------+--------+--------+-----+--------+
         Total |   2168 |   2113 |     55 |    454 |   1190 |   2 | 1084.0 |
       Dungeon |   2168 |   2113 |     55 |    454 |   1190 |   2 | 1084.0 |
               +--------+--------+--------+--------+--------+-----+--------+

Top non-repeatable levels by time:
     D:1: 1359 daAuts
     D:2: 808 daAuts
